 Dungeon Crawl Stone Soup version 0.27-a0-1193-g8631133539 (webtiles) character file.

Game seed: 13361446935528927102

11344 robertstho the Cleaver (level 11, -10/151 HPs)
             Began as a Green Draconian Berserker on May 26, 2021.
             Was an Elder of Trog.
             Mangled by a swamp worm (16 damage)
             ... on level 1 of the Lair of Beasts.
             The game lasted 00:18:22 (11859 turns).

robertstho the Cleaver (Green Draconian Berserker) Turns: 11859, Time: 00:18:22

Health: -10/151    AC:  9    Str: 22    XL:     11   Next: 48%
Magic:  0/11       EV: 13    Int:  7    God:    Trog [****..]
Gold:   365        SH:  9    Dex: 12    Spells: 10/10 levels left

rFire    + . .     SeeInvis .   i - +3 war axe (flame)
rCold    + + .     Faith    .   C - +0 kite shield
rNeg     . . .     Spirit   +   (armour unavailable)
rPois    +         Reflect  .   (helmet restricted)
rElec    .         Harm     .   o - scarf {rC+ rF+}
rCorr    .         Rampage  .   u - +0 pair of gloves
Will     +....                  D - +0 pair of boots
Stlth    ..........             b - amulet of guardian spirit
HPRegen  0.35/turn              d - ring of protection from cold
MPRegen  0.12/turn              v - ring of willpower

@: berserking, very quick
A: breathe noxious fumes, AC +7, unfitting armour, poison resistance,
cold-blooded
a: Breathe Noxious Fumes, Renounce Religion, Berserk, Trog's Hand, Brothers in
Arms


You were on level 1 of the Lair of Beasts.
You worshipped Trog.
Trog was greatly pleased with you.
You visited 2 branches of the dungeon, and saw 11 of its levels.

You collected 673 gold pieces.
You spent 308 gold pieces at shops.

Inventory:

Hand Weapons
 i - a +3 war axe of flaming (weapon)
Missiles
 a - 6 boomerangs of dispersal
 e - 8 atropa-tipped darts
 H - 7 curare-tipped darts
Armour
 o - a scarf of resistance (worn)
 u - a +0 pair of gloves (worn)
 C - a +0 kite shield (worn)
 D - a +0 pair of boots (worn)
Jewellery
 b - an amulet of guardian spirit (around neck)
 c - a +6 ring of intelligence
 d - a ring of protection from cold (left hand)
 h - an amulet of regeneration
 v - a ring of willpower (right hand)
 y - a ring of resist corrosion
 z - a ring of willpower
 I - a +6 ring of strength
Wands
 r - a wand of charming (3)
 s - a wand of polymorph (19)
 w - a wand of acid (6)
 F - a wand of iceblast (25)
Scrolls
 g - 3 scrolls of blinking
 k - a scroll of summoning
 m - 3 scrolls of enchant armour
 n - 3 scrolls of magic mapping
 x - 3 scrolls of enchant weapon
 B - 2 scrolls of silence {unknown}
 E - 2 scrolls of identify
 G - 3 scrolls of fear {unknown}
 J - a scroll of fog {unknown}
Potions
 f - 4 potions of heal wounds
 j - 3 potions of curing
 l - 2 potions of haste {unknown}
 p - a potion of cancellation {unknown}
 q - a potion of ambrosia {unknown}
 t - a potion of lignification
 A - a potion of mutation {unknown}
 K - 3 potions of flight {unknown}
 L - a potion of resistance {unknown}


   Skills:
 * Level 10.8 Fighting
 + Level 11.3 Axes
 * Level 9.4 Dodging
 + Level 3.9 Stealth
 + Level 3.5 Shields
 + Level 0.6 Evocations


You had 10 spell levels left.
You didn't know any spells.
Your spell library was empty.

Dungeon Overview and Level Annotations

Branches:
Dungeon (10/15)            Temple (0/1) D:5            Lair (1/6) D:9
    Orc: D:9-12

Altars:
Ashenzari
Elyvilon
Fedhas
Gozag
Makhleb
Okawaru
Sif Muna
Uskayaw
The Shining One

Shops:
D:2 !   D:3 *(*?[

Annotations:
D:6 Eustachio


Innate Abilities, Weirdness & Mutations

You can breathe blasts of noxious fumes.
Your lurid green scales are hard. (AC +7)
You cannot fit into any form of body armour.
Your system is resistant to poisons. (rPois)
You are cold-blooded and may be slowed by cold attacks.


Message History

You barely miss the demonic crawler.
The demonic crawler is lightly wounded.
You block the demonic crawler's attack. The demonic crawler barely misses you.
The demonic crawler hits you.
You barely miss the demonic crawler.
The demonic crawler is lightly wounded.
The demonic crawler hits you but does no damage. x2
You block the demonic crawler's attack.
You slice the demonic crawler!!
Your tail-slap misses the demonic crawler.
The demonic crawler is moderately wounded.
The demonic crawler hits you but does no damage.
The demonic crawler hits you. You block the demonic crawler's attack.
You closely miss the demonic crawler.
The demonic crawler is moderately wounded.
You block the demonic crawler's attack. The demonic crawler hits you.
The demonic crawler hits you!
You slash the demonic crawler! You burn the demonic crawler.
The demonic crawler is heavily wounded.
The demonic crawler hits you! You block the demonic crawler's attack.
The demonic crawler hits you!
* * * LOW HITPOINT WARNING * * *
You slash the demonic crawler! You burn the demonic crawler.
The demonic crawler is severely wounded.
The swamp worm fires a harpoon shot at you.
The harpoon shot hits you!!
* * * LOW HITPOINT WARNING * * *
You are yanked forward by the harpoon shot.
The demonic crawler hits you.
* * * LOW HITPOINT WARNING * * *
The demonic crawler hits you!
* * * LOW HITPOINT WARNING * * *
The demonic crawler closely misses you.
Found a piece from Xom's chessboard (15/15) and a runed spear.
You slice the demonic crawler!! You burn the demonic crawler.
You feel the power of Trog in you as your rage grows.
You kill the demonic crawler!
Trog accepts your kill.
You slice the swamp worm!! You burn the swamp worm. The swamp worm bites you!
You die...

........!....#......#...#.#
....#.......##..........###
.......†.......... .....
...........^...... ....
#≈................
#≈≈≈≈≈...........
≈≈≈≈≈≈≈.......#.
≈≈###≈≈≈≈.†...# ##
###≈≈≈@.##... #P≈≈w..#...
)≈}≈≈≈≈....# ≈≈≈#≈≈≈......
≈###≈≈≈........
≈≈≈......... ≈≈...........
≈≈........#...


You could see a swamp worm.

Vanquished Creatures
  Erica (Lair:1)
  A hydra (D:8)
  Pikel (D:4)
  Joseph (D:8)
  An unseen horror (D:6)
  A demonic crawler (Lair:1)
  2 cane toads (Lair:1)
  2 trolls
  A hornet (D:9)
  Prince Ribbit (D:7)
  A wyvern (D:7)
  4 fire bats (D:10)
  8 yaks
  Menkaure (D:7)
  2 wargs (D:9)
  A swamp worm (Lair:1)
  2 acid dragons (D:8)
  Duvessa (D:4)
  3 water moccasins
  3 ice beasts
  3 sky beasts
  A black bear (D:5)
  5 orc warriors
  2 ogres
  5 centaurs
  2 lemures (D:4)
  5 bullfrogs
  2 wyvern zombies
  3 scorpions
  A water moccasin skeleton (D:6)
  Dowan (D:4)
  9 wights
  9 killer bees
  An electric eel (D:6)
  2 howler monkeys (D:8)
  A jelly (D:6)
  5 centaur zombies
  A gnoll shaman (D:5)
  A bullfrog zombie (D:6)
  5 orc priests
  A scorpion zombie (D:5)
  Ijyb (D:5)
  12 orc wizards
  2 killer bee zombies
  A mummy (D:7)
  A howler monkey zombie (D:6)
  Robin (D:4)
  2 adders (D:4)
  12 gnolls
  A shadow imp (D:5)
  3 white imps
  An ufetubus (D:5)
  2 worms
  2 dart slugs
  23 orcs
  6 bats
  6 endoplasms
  4 giant cockroaches
  8 hobgoblins
  11 jackals
  6 quokkas
  7 ball pythons
  4 frilled lizards
  11 goblins
  7 kobolds
  2 kobold zombies (D:7)
  2 orc zombies (D:7)
  2 rats
243 creatures vanquished.

Vanquished Creatures (collateral kills)
  A boulder beetle (D:8)
  An acid dragon (D:8)
2 creatures vanquished.

Vanquished Creatures (others)
  3 plants (Lair:1)
3 creatures vanquished.

Grand Total: 248 creatures vanquished

Notes
Turn   | Place    | Note
-------+----------+-------------------------------------------
     0 | D:1      | robertstho the Draconian Berserker began the quest for the
                  | Orb.
     0 | D:1      | Reached XP level 1. HP: 19/19 MP: 1/1
    72 | D:1      | Reached XP level 2. HP: 19/26 MP: 2/2
   643 | D:1      | Reached XP level 3. HP: 29/33 MP: 3/3
   842 | D:1      | Found a faded altar of an unknown god.
   932 | D:2      | Reached ** piety under Trog
  1398 | D:2      | Found Raygeula's Distillery.
  1566 | D:2      | Bought a potion of curing for 30 gold pieces
  1628 | D:3      | Found Kotatisk's Weapon Shop.
  1662 | D:3      | Found Oczushre's General Store.
  1713 | D:3      | Found Dehyept's Magic Scroll Shoppe.
  1797 | D:3      | Found Ygoraolo's Assorted Antiques.
  1800 | D:3      | Reached XP level 4. HP: 40/40 MP: 4/4
  1947 | D:3      | Found Rebbuc's Antique Armour Shop.
  2159 | D:3      | Found a blossoming altar of Fedhas.
  2713 | D:4      | Reached skill level 4 in Axes
  2961 | D:4      | Reached XP level 5. HP: 44/46 MP: 5/5
  3148 | D:4      | Noticed a lemure
  3149 | D:4      | Noticed Pikel
  3149 | D:4      | Noticed a lemure
  3150 | D:4      | Noticed a lemure
  3151 | D:4      | Noticed a lemure
  3159 | D:4      | Killed Pikel
  3159 | D:4      | Killed a lemure
  3159 | D:4      | Killed a lemure
  3160 | D:4      | Reached skill level 5 in Fighting
  3160 | D:4      | Reached skill level 5 in Axes
  3160 | D:4      | Reached skill level 1 in Stealth
  3160 | D:4      | Reached XP level 6. HP: 56/56 MP: 3/6
  3160 | D:4      | Your scales start taking on a lurid green colour.
  3160 | D:4      | Reached XP level 7. HP: 61/61 MP: 3/7
  3160 | D:4      | Gained mutation: Your system is resistant to poisons.
                  | (rPois) [Green Draconian growth]
  3609 | D:4      | Found an opulent altar of Gozag.
  3721 | D:4      | Noticed Robin
  3730 | D:4      | Reached *** piety under Trog
  3735 | D:4      | Killed Robin
  3898 | D:4      | Noticed Duvessa
  3898 | D:4      | Noticed Dowan
  3904 | D:4      | Killed Dowan
  3905 | D:4      | Reached skill level 6 in Axes
  3909 | D:4      | Killed Duvessa
  3910 | D:4      | Reached skill level 5 in Dodging
  4058 | D:5      | Entered Level 5 of the Dungeon
  4059 | D:5      | Found a staircase to the Ecumenical Temple.
  4282 | D:5      | Found a hide-covered altar of Uskayaw.
  4454 | D:5      | Found a burning altar of Makhleb.
  4556 | D:5      | Reached XP level 8. HP: 52/70 MP: 4/8
  4679 | D:5      | Reached skill level 7 in Axes
  4947 | D:5      | Noticed Ijyb
  4956 | D:5      | Killed Ijyb
  5143 | D:5      | Found a glowing golden altar of the Shining One.
  5472 | D:6      | Killed an unseen horror
  5943 | D:6      | Noticed Eustachio
  6017 | D:6      | Found a broken altar of Ashenzari.
  6167 | D:6      | Reached skill level 8 in Axes
  6167 | D:6      | Reached XP level 9. HP: 77/79 MP: 9/9
  6275 | D:6      | Identified the +4 robe of the Past {Rampage Dex+3}
  6276 | D:6      | Found an iron altar of Okawaru.
  7305 | D:7      | Reached skill level 9 in Axes
  7444 | D:7      | Noticed Menkaure
  7446 | D:7      | Noticed Prince Ribbit
  7452 | D:7      | Killed Menkaure
  7453 | D:7      | Killed Prince Ribbit
  7453 | D:7      | Reached **** piety under Trog
  7844 | D:3      | Bought a kite shield for 139 gold pieces
  7844 | D:3      | Bought a pair of boots for 139 gold pieces
  8033 | D:7      | Found a white marble altar of Elyvilon.
  8444 | D:8      | Noticed Joseph
  8463 | D:8      | Killed Joseph
  8638 | D:8      | Reached XP level 10. HP: 82/91 MP: 10/10
  8789 | D:8      | Noticed an eight-headed hydra
  8795 | D:8      | Killed a four-headed hydra
  8796 | D:8      | Reached skill level 10 in Axes
  8796 | D:8      | Reached skill level 1 in Shields
  9559 | D:8      | Reached skill level 10 in Fighting
  9607 | D:8      | Noticed a boulder beetle
  9635 | D:8      | Killed a boulder beetle
 10015 | D:8      | Found a shimmering blue altar of Sif Muna.
 10298 | D:9      | Found a staircase to the Lair.
 10493 | D:9      | Reached XP level 11. HP: 84/101 MP: 8/11
 11098 | D:10     | Entered Level 10 of the Dungeon
 11115 | D:10     | Noticed a fire dragon
 11118 | D:10     | Found the +7 great mace "Firestarter" {inner flame, rF++}
 11131 | D:10     | HP: 6/151 [troll (8)]
 11133 | D:10     | Reached skill level 11 in Axes
 11513 | Lair:1   | Entered Level 1 of the Lair of Beasts
 11569 | Lair:1   | Noticed Erica
 11590 | Lair:1   | Killed Erica
 11858 | Lair:1   | HP: 6/151 [demonic crawler (9)]
 11859 | Lair:1   | Mangled by a swamp worm

Illustrated notes

Levels and vault maps discovered:
D:1:      pf_arrival_petrified_forest, layout_rooms,
          shapermc_ecumenical_altar_hornbeckon
D:2:      layout_basic, serial_shops, nicolae_shop_waterfront, dk_noncrumbling_3
D:3:      layout_basic, fedhas_altar_4, serial_shops, nicolae_shop_stone,
          nicolae_shop_waterfront, nicolae_shop_stone,
          nicolae_shop_behind_doors, shop
D:4:      layout_basic, lemuel_coloured_pillars_altar, uniq_duvessa, uniq_pikel,
          uniq_robin
D:5:      layout_basic, tso_altar, general_overflow_altar,
          amcnicky_altar_gilded, minmay_temple_entry_sparse_star, uniq_ijyb
D:6:      layout_rooms, cheibrodos_ashenzari_chains,
          kennysheep_okawaru_gauntlet, chequers_serial_rivers_large_b,
          kennysheep_generic_room_5, uniq_eustachio
D:7:      layout_layer_cave, lemuel_crystal_altar, minmay_mini_ossuary,
          uniq_prince_ribbit1, uniq_menkaure
D:8:      cheibrodos_barr_body, layout_loops_ring, kennysheep_orc_sif_temple,
          uniq_joseph
D:9:      layout_cave_pools, erik_lair_orcish_takeover
D:10:     minmay_firetagon, layout_rooms,
          grunt_temple_overflow_order_and_chaos_1,
          nicolae_ru_sacrificial_ziggurat, nemelex_diamond_rough_becter,
          minmay_misc_feat_diagonals, nicolae_blasting_shop
Lair:1:   layout_gridlike, worms_lemuel, uniq_erica

Skill      XL: |  1  2  3  4  5  6  7  8  9 10 11 |
---------------+----------------------------------+-----
Dodging        | 3 4 5 6 7 8 9 |  9.4
Fighting       | 4 5 6 7 9 10 | 10.8
Axes           | 4 5 6 8 9 10 11 | 11.3
Stealth        | 1 2 3 |  3.9
Shields        | 2 3 |  3.5
Evocations     | |  0.6

Action                   |  1- 3 |  4- 6 |  7- 9 | 10-12 || total
-------------------------+-------+-------+-------+-------++-------
Melee: Hand axe          |   103 |       |       |       ||   103
       Tailslap          |    12 |       |    28 |    38 ||    78
       War axe           |    18 |    39 |   236 |   241 ||   534
Invok: Berserk           |     1 |     2 |     8 |     7 ||    18
       Trog's Hand       |       |     1 |     1 |     1 ||     3
       Brothers in Arms  |       |       |       |     3 ||     3
 Abil: Breathe Noxious F |       |       |     1 |     2 ||     3
Evoke: Wand              |       |       |     3 |       ||     3
  Use: Scroll            |     4 |       |     6 |     1 ||    11
       Potion            |       |       |     1 |       ||     1
 Stab: Sleeping          |       |       |     1 |     1 ||     2
       Confused          |       |       |       |     1 ||     1
Armor: Skin              |    51 |    11 |    76 |    90 ||   228
Dodge: Dodged            |    99 |    38 |   161 |   139 ||   437
Block: Kite shield       |       |       |     5 |   128 ||   133

Table legend: (Time is in decaauts)
 A = Elapsed time spent in this place.
 B = Non-inter-level travel time spent in this place.
 C = Inter-level travel time spent in this place.
 D = Time resting spent in this place.
 E = Time spent auto-exploring this place.
 F = Levels seen in this place.
 G = Mean time per level.
                   A        B        C        D        E       F      G
               +--------+--------+--------+--------+--------+-----+--------+
         Total |  12197 |  11688 |    509 |   1525 |   8339 |  11 | 1108.8 |
       Dungeon |  11839 |  11330 |    509 |   1495 |   8099 |  10 | 1183.9 |
          Lair |    358 |    358 |      0 |     30 |    240 |   1 |  358.0 |
               +--------+--------+--------+--------+--------+-----+--------+

Top non-repeatable levels by time:
     D:8: 1813 daAuts
     D:4: 1563 daAuts
     D:6: 1554 daAuts
     D:7: 1368 daAuts
     D:5: 1321 daAuts
     D:9: 1307 daAuts
     D:3: 1227 daAuts
     D:1: 905 daAuts
     D:2: 731 daAuts
  Lair:1: 358 daAuts
    D:10: 46 daAuts
